 Dungeon Crawl Stone Soup version 0.15.0-16-gce31824 (webtiles) character file.

765 Kex the Skirmisher (level 7, -4/62 HPs)
             Began as a Pale Draconian Transmuter on Sept 6, 2014.
             Slain by Menkaure (20 damage)
             ... on Level 4 of the Dungeon.
             The game lasted 00:28:08 (3922 turns).

Kex the Skirmisher (Pale Draconian Transmuter)      Turns: 3922, Time: 00:28:08

HP  -4/62        AC  7     Str 12      XL: 7   Next: 52%
MP  12/12        EV 13     Int 13      God:
Gold 234         SH  0     Dex 14      Spells:  2 memorised,  4 levels left

rFire  . . .     SeeInvis .       - Unarmed
rCold  . . .     Clarity  .     (armour unavailable)
rNeg   . . .     rCorr    .     (no shield)
rPois  .         rRot     .     (helmet restricted)
rElec  .         Spirit   .     o - +0 cloak
SustAb .         Warding  .     (no gloves)
rMut   .         Stasis   .     (no boots)
Gourm  .                        (no amulet)
MR     .....                    (no ring)
                                l - ring of regeneration

@: about to teleport, not resistant to hostile enchantments, very unstealthy
A: breathe steam, unfitting armour, cold-blooded, AC +6
a: Breathe Steam


You were on level 4 of the Dungeon.
You were hungry.

You visited 1 branch of the dungeon, and saw 5 of its levels.

You collected 234 gold pieces.

Inventory:

Hand weapons
 q - a +0 cutlass of venom
Missiles
 b - 35 arrows
 s - 11 arrows of frost
Armour
 o - a +0 cloak (worn)
Magical devices
 e - a wand of polymorph (22)
 m - a wand of frost (12)
Comestibles
 a - 3 bread rations
 g - 3 meat rations
 h - 3 beef jerkies
Scrolls
 c - a scroll of enchant armour
 j - a scroll of amnesia {unknown}
 p - 2 scrolls of teleportation
 r - 2 scrolls of blinking {unknown}
 u - a scroll of identify
Jewellery
 l - a ring of regeneration (left hand)
 t - an uncursed amulet of stasis
 z - an uncursed ring of wizardry
Potions
 f - 2 potions of heal wounds
 i - 2 potions of resistance {unknown}
 k - 2 potions of might {unknown}
 n - a potion of berserk rage {unknown}
 x - a potion of agility {unknown}
Books
 d - a book of Changes

   Spells                             Type                      Level
   *Beastly Appendage                 Transmutation                1
   Sticks to Snakes                   Transmutation                2
   Spider Form                        Transmutation/Poison         3
   Ice Form                           Ice/Transmutation            4
   *Blade Hands                       Transmutation                5


   Skills:
 + Level 5.7 Fighting
 + Level 3.6 Dodging
 + Level 5.0 Unarmed Combat
 + Level 2.1 Spellcasting
 * Level 4.0 Transmutations


You had 4 spell levels left.
You knew the following spells:

 Your Spells              Type           Power        Failure   Level  Hunger
a - Beastly Appendage     Trmt           ##....       6%          1    ##.....
b - Blade Hands           Trmt           ##........   96%         5    ######.


Dungeon Overview and Level Annotations

Branches:
Dungeon (5/15)
 Temple: D:4-7

Altars:

Annotations:
D:4 Menkaure


Innate Abilities, Weirdness & Mutations

You can breathe blasts of scalding steam.
Your pale cyan-grey scales are hard (AC +6).
Your body does not fit into most forms of armour.
Your cold-blooded metabolism reacts poorly to cold.


Message History

Menkaure calls on the powers of darkness!
Your body is wracked with pain!
You hit Menkaure.
Menkaure is moderately damaged.
The kobold barely misses you. Menkaure hits you!
You hit Menkaure.
Menkaure is moderately damaged.
The kobold closely misses you.
You hit Menkaure but do no damage.
Menkaure is moderately damaged.
Menkaure grins.
Menkaure points at you and mumbles some strange words.
Pain shoots through your body!
* * * LOW HITPOINT WARNING * * *
The kobold barely misses you.
Read which item? (? for menu, Esc to quit)
As you read the scroll of teleportation, it crumbles to dust.
You feel strangely unstable. The kobold hits you but does no damage.
Menkaure hits you!!
You die...

.. ...... ..## .......
#..# ##....... #..##
#......... ###..#
####.........#
##....#####.?.........#
......................##
..##...........=K........
####....####....@......#
##...# ##....M....##
#..## #........## #..#
##....<..# #.## ##.....##
..# ......# ...# ..(...#
#.## ........ #. ...


You could see Menkaure and a kobold.

Vanquished Creatures
  A phantom (D:5)
  A centaur (D:5)
  Sigmund (D:4)
  A scorpion (D:5)
  A crimson imp (D:5)
  Crazy Yiuf (D:5)
  An orc wizard (D:4)
  4 iguanas
  Jessica (D:2)
  A hound zombie (D:5)
  Terence (D:3)
  3 gnolls (D:3)
  6 adders
  A shadow imp (D:5)
  3 worms
  2 giant geckos (D:3)
  4 oozes
  15 orcs
  8 bats
  A bat zombie (D:5)
  3 giant cockroaches
  12 hobgoblins
  4 jackals
  2 quokkas
  2 giant newts (D:1)
  9 goblins
  A hobgoblin zombie (D:5)
  8 kobolds
  6 rats
  A rat skeleton (D:3)
105 creatures vanquished.

Notes
Turn   | Place    | Note
--------------------------------------------------------------
     0 | D:1      | Kex, the Draconian Transmuter, began the quest for the Orb.
     0 | D:1      | Reached XP level 1. HP: 16/16 MP: 3/3
   190 | D:1      | Reached XP level 2. HP: 15/24 MP: 2/4
   977 | D:2      | Reached XP level 3. HP: 26/30 MP: 6/6
  1025 | D:2      | Noticed Jessica
  1042 | D:2      | Killed Jessica
  1367 | D:2      | Reached XP level 4. HP: 17/37 MP: 7/7
  2207 | D:4      | Reached skill level 4 in Unarmed Combat
  2207 | D:4      | Reached XP level 5. HP: 17/45 MP: 9/9
  2411 | D:3      | Noticed Terence
  2435 | D:3      | Killed Terence
  2917 | D:4      | Noticed Sigmund
  2946 | D:5      | Entered Level 5 of the Dungeon
  3027 | D:5      | Reached XP level 6. HP: 52/52 MP: 10/10
  3119 | D:5      | Noticed a centaur
  3136 | D:5      | Killed a centaur
  3276 | D:5      | Got a twisted ring mail
  3319 | D:5      | Reached skill level 5 in Fighting
  3436 | D:5      | Noticed a phantom
  3475 | D:5      | Killed a phantom
  3475 | D:5      | Your scales start fading to a pale cyan-grey colour.
  3475 | D:5      | Reached XP level 7. HP: 61/61 MP: 12/12
  3739 | D:5      | Learned a level 5 spell: Blade Hands
  3752 | D:5      | Noticed Crazy Yiuf
  3761 | D:5      | Killed Crazy Yiuf
  3848 | D:4      | Killed Sigmund
  3848 | D:4      | Reached skill level 5 in Unarmed Combat
  3914 | D:4      | Noticed Menkaure
  3922 | D:4      | Slain by Menkaure

Action                   |  1- 3 |  4- 6 |  7- 9 || total
-------------------------+-------+-------+-------++-------
Melee: Unarmed           |   120 |   332 |    54 ||   506
 Cast: Beastly Appendage |    25 |    41 |     7 ||    73
  Use: Scroll            |     4 |     8 |     1 ||    13
       Potion            |       |       |     1 ||     1
  Eat: Chunk             |     1 |    11 |       ||    12
       Beef jerky        |       |       |     1 ||     1
